 Dungeon Crawl Stone Soup version 0.29-a0-824-gd827844252 (webtiles) character file.

Game seed: 12318687770293995949

10859 xian the Protected (level 11, -5/84 HPs)
             Began as a Demonspawn Fighter on July 10, 2022.
             Was an Elder of Wu Jian.
             Slain by a 12-headed hydra (12 damage)
             ... on level 10 of the Dungeon.
             The game lasted 00:30:46 (12895 turns).

xian the Protected (Demonspawn Fighter)            Turns: 12895, Time: 00:30:46

Health: -5/84      AC: 23    Str: 16    XL:     11   Next: 41%
Magic:  20/20      EV:  7    Int:  9    God:    Wu Jian [****..]
Gold:   651        SH: 12    Dex: 24    Spells: 10/10 levels left

rFire   . . .      SeeInvis .   d - +5 war axe (venom)
rCold   + . .      Faith    .   b - +0 kite shield
rNeg    + . .      Spirit   .   C - +0 plate armour
rPois   +          Reflect  .   k - +0 helmet
rElec   .          Harm     .   a - +0 cloak
rCorr   +          Rampage  .   D - +0 pair of gloves
Will    +....                   t - +0 pair of boots
Stlth   ..........              B - amulet of Dorchump {RegenMP rC+ MP+9 Str-4 Dex+4}
HPRegen 0.24/turn               l - ring "Dyprih" {rN+ rCorr AC+4}
MPRegen 0.57/turn               f - ring "Iqoum" {rPois Will+ Dex+6}

@: hasted, very quick
A: demonic guardian 2, foul stench 2, sturdy frame 1, weakness stinger 2
a: Renounce Religion, Wall Jump, Serpent's Lash


You were on level 10 of the Dungeon.
You worshipped Wu Jian.
Wu Jian was greatly pleased with you.
You visited 2 branches of the dungeon, and saw 11 of its levels.
You also visited: Bailey.

You collected 651 gold pieces.

Inventory:

Hand Weapons
 d - a +5 war axe of venom (weapon)
Missiles
 s - 3 javelins
 y - 3 throwing nets
 F - 26 boomerangs (quivered)
 H - 17 poisoned darts
Armour
 a - a +0 cloak (worn)
 b - a +0 kite shield (worn)
 k - a +0 helmet (worn)
 t - a +0 pair of boots (worn)
 C - a +0 plate armour (worn)
 D - a +0 pair of gloves (worn)
Magical Staves
 p - a staff of conjuration
Jewellery
 f - the ring "Iqoum" (right hand) {rPois Will+ Dex+6}
   (You acquired it on level 7 of the Dungeon)

   [ring of willpower]

   Dex:       It affects your dexterity (+6).
   rPois:     It protects you from poison.
   Will:      It increases your willpower.
 l - the ring "Dyprih" (left hand) {rN+ rCorr AC+4}
   (You acquired it in a bailey)

   [ring of protection]

   AC:        It affects your AC (+4).
   rN:        It protects you from negative energy.
   rCorr:     It protects you from acid and corrosion.
 B - the amulet of Dorchump (around neck) {RegenMP rC+ MP+9 Str-4 Dex+4}
   (You found it on level 5 of the Dungeon)

   [amulet of magic regeneration]

   It increases your rate of magic regeneration.
   Str:       It affects your strength (-4).
   Dex:       It affects your dexterity (+4).
   rC:        It protects you from cold.
   MP:        It affects your magic capacity (+9).
Wands
 c - a wand of digging (2)
 z - a wand of mindburst (27)
Scrolls
 g - 2 scrolls of teleportation
 n - 2 scrolls of fog
 q - 2 scrolls of immolation
 r - 5 scrolls of summoning
 u - a scroll of blinking
 w - a scroll of amnesia
 x - a scroll of poison
 E - a scroll of enchant weapon
 J - a scroll of fear
 K - a scroll of silence {unknown}
Potions
 e - 2 potions of brilliance
 h - 3 potions of heal wounds
 i - a potion of mutation
 j - 2 potions of invisibility
 m - 5 potions of curing
 o - 2 potions of flight
 v - a potion of degeneration {unknown}
 A - a potion of cancellation {unknown}
 G - 2 potions of haste
 I - 2 potions of magic
Miscellaneous
 L - a lightning rod (4/4)


   Skills:
 + Level 7.3 Fighting
 + Level 5.1(5.5) Short Blades
 + Level 3.0(4.5) Long Blades
 + Level 6.8 Axes
 + Level 2.3 Throwing
 + Level 9.1 Armour
 + Level 4.0 Dodging
 + Level 1.7 Stealth
 + Level 7.9 Shields
 + Level 0.8 Evocations


You had 10 spell levels left.
You didn't know any spells.
Your spell library contained the following spells:

 Spells                   Type           Power      Damage    Failure   Level
 Magic Dart               Conj           0%         1d3       100%        1
 Slow                     Hex            0%         N/A       100%        1
 Call Imp                 Summ           0%         N/A       100%        2
 Ensorcelled Hibernation  Hex/Ice        0%         N/A       100%        2
 Passwall                 Tmut/Erth      0%         N/A       100%        2
 Poisonous Vapours        Pois/Air       0%         N/A       100%        2
 Confusing Touch          Hex            0%         N/A       100%        3
 Inner Flame              Hex/Fire       0%         N/A       100%        3
 Lesser Beckoning         Tloc           0%         N/A       100%        3
 Mephitic Cloud           Conj/Pois/Air  0%         N/A       100%        3
 Stone Arrow              Conj/Erth      0%         3d7       100%        3
 Swiftness                Air            0%         N/A       100%        3
 Vampiric Draining        Necr           0%         2d6       100%        3
 Animate Armour           Summ/Erth      0%         N/A       100%        4
 Cause Fear               Hex            0%         N/A       100%        4
 Corpse Rot               Necr/Pois/Air  0%         N/A       100%        4
 Dispel Undead            Necr           0%         3d6       100%        4
 Manifold Assault         Tloc           0%         N/A       100%        5
 Discord                  Hex            0%         N/A       100%        8
 Disjunction              Tloc           0%         N/A       100%        8
 Lehudib's Crystal Spear  Conj/Erth      0%         10d2      100%        8


Dungeon Overview and Level Annotations

Branches:
Dungeon (10/15)            Temple (1/1) D:4            Lair (0/6) D:8
 Bailey (visited)
    Orc: D:9-12

Altars:
Ashenzari
Cheibriados
Dithmenos
Fedhas
Gozag
Hepliaklqana
Kikubaaqudgha
Makhleb
Nemelex Xobeh
Okawaru
Qazlal
Ru
Sif Muna
Trog
Uskayaw
Vehumet
Wu Jian
Xom
Yredelemnul

Annotations:
D:6 1 runed translucent door, zhov's ghost, novice FoHu
D:10 2 transporters, blackman's ghost, journeyman HuAr


Innate Abilities, Weirdness & Mutations

A demonic guardian rushes to your aid.
You sometimes emit foul miasma when damaged in melee.
Your movements are slightly less encumbered by armour. (ER -2)
You have a tail ending in a sharp stinger.


Message History

The ten-headed hydra bites your orange demon.
Your orange demon dies!
Your orange demon disappears in a puff of smoke!
Aiming: Mindburst
Press: ? - help, Shift-Dir - straight line, f/p - ten-headed hydra
Aim: a ten-headed hydra (severely wounded, slow, chance to affect: 32%)
The ten-headed hydra's minds are blasted!!
Unknown command.
Aiming: Mindburst
Press: ? - help, Shift-Dir - straight line, f/p - ten-headed hydra
Aim: a ten-headed hydra (almost dead, slow, chance to affect: 32%)
The ten-headed hydra easily resists.
Unknown command.
You lop one of the ten-headed hydra's heads off!
The nine-headed hydra grows two more!
You hit the 11-headed hydra.
The 11-headed hydra is almost dead.
You barely miss the 11-headed hydra.
The 11-headed hydra is almost dead.
You block the 11-headed hydra's attack.
The 11-headed hydra bites you but does no damage. x3
The 11-headed hydra bites you.
* * * LOW HITPOINT WARNING * * *
The 11-headed hydra bites you but does no damage.
The 11-headed hydra barely misses you. The 11-headed hydra bites you.
* * * LOW HITPOINT WARNING * * *
The 11-headed hydra bites you but does no damage.
You block the 11-headed hydra's attack. The 11-headed hydra barely misses you.
Unknown command.
You hack one of the 11-headed hydra's heads off!
The ten-headed hydra grows two more!
You hit the 12-headed hydra.
The 12-headed hydra is severely wounded.
You block the 12-headed hydra's attack. x3
The 12-headed hydra bites you but does no damage. x2
The 12-headed hydra bites you.
* * * LOW HITPOINT WARNING * * *
The 12-headed hydra bites you but does no damage. x2
The 12-headed hydra bites you!
* * * LOW HITPOINT WARNING * * *
The 12-headed hydra barely misses you. The 12-headed hydra bites you!
You die...

#...........#
#........#.##
#........###
#........#
#.......##
#......##
#.....##
#.##.##
#@####
#D##.##
#y##..#
#.##..###
#.....D.##
#........##
#..####...##
#..# #....##
#..#
#.....##.#.#


You could see a 12-headed hydra (slow) and a killer bee.

Vanquished Creatures
  An orc warlord (Bailey)
  A two-headed ogre (D:7)
  An elephant (D:8)
  A troll (D:10)
  A hornet (D:6)
  Grinder (D:5)
  A wraith (D:6)
  4 wyverns
  Eustachio (D:6)
  A basilisk (D:8)
  18 yaks (D:9)
  A vampire mosquito (D:7)
  An acid dragon (D:9)
  A water moccasin (D:7)
  4 orc warriors
  3 ice beasts
  2 sky beasts
  4 black bears
  An ogre (D:6)
  2 centaurs
  2 phantoms
  A kobold brigand (D:8)
  4 bullfrogs
  3 gnoll sergeants
  3 scorpions
  5 wights (D:7)
  A killer bee (D:10)
  6 howler monkeys
  8 hounds
  4 orc priests
  A jelly (D:8)
  9 orc wizards
  4 iguanas
  19 gnolls
  6 adders
  A shadow imp (D:6)
  2 white imps (D:7)
  An ufetubus (D:7)
  3 worms
  3 dart slugs (D:4)
  30 orcs
  7 endoplasms
  5 giant cockroaches
  19 goblins
  10 hobgoblins
  3 jackals (D:5)
  4 quokkas
  5 ball pythons
  5 bats
  4 frilled lizards
  17 kobolds
  A rat (D:1)
246 creatures vanquished.

Vanquished Creatures (collateral kills)
  A two-headed ogre (D:9)
  A gnoll (D:6)
  A kobold (D:4)
3 creatures vanquished.

Vanquished Creatures (others)
  A centaur (D:7)
  An orc (D:7)
  4 plants
6 creatures vanquished.

Grand Total: 255 creatures vanquished

Notes
Turn   | Place    | Note
-------+----------+-------------------------------------------
     0 | D:1      | xian the Demonspawn Fighter began the quest for the Orb.
     0 | D:1      | Reached XP level 1. HP: 18/18 MP: 1/1
   300 | D:1      | Gained mutation: Your movements are slightly less
                  | encumbered by armour. (ER -2) [demonic ancestry]
   300 | D:1      | Reached XP level 2. HP: 22/24 MP: 2/2
   887 | D:1      | Found a faded altar of an unknown god.
  1025 | D:2      | Reached skill level 3 in Armour
  1025 | D:2      | Reached XP level 3. HP: 25/29 MP: 3/3
  2699 | D:3      | Gained mutation: A weak demonic guardian rushes to your
                  | aid. [demonic ancestry]
  2699 | D:3      | Reached XP level 4. HP: 35/35 MP: 4/4
  3414 | D:3      | Found a hide-covered altar of Uskayaw.
  3630 | D:4      | Gained mutation: You may rarely emit foul miasma when
                  | damaged in melee. [demonic ancestry]
  3630 | D:4      | Reached XP level 5. HP: 41/41 MP: 5/5
  3768 | D:4      | Found a staircase to the Ecumenical Temple.
  3778 | Temple   | Entered the Ecumenical Temple
  3857 | Temple   | Became a worshipper of the Wu Jian Council
  4137 | D:4      | Found a blossoming altar of Fedhas.
  4432 | D:4      | Reached skill level 1 in Short Blades
  4493 | D:4      | Noticed a phantom
  4530 | D:4      | Killed a phantom
  4531 | D:4      | Reached skill level 4 in Armour
  4531 | D:4      | Reached XP level 6. HP: 36/48 MP: 6/6
  4734 | D:5      | Entered Level 5 of the Dungeon
  4794 | D:5      | Reached skill level 1 in Throwing
  4794 | D:5      | Reached skill level 1 in Dodging
  4853 | D:5      | Identified the amulet of Dorchump {RegenMP rC+ MP+9 Str-4
                  | Dex+4}
  4873 | D:5      | Gained mutation: You sometimes emit foul miasma when
                  | damaged in melee. [demonic ancestry]
  4873 | D:5      | Reached XP level 7. HP: 25/54 MP: 7/7
  4928 | D:5      | Noticed Grinder
  4944 | D:5      | Killed Grinder
  4945 | D:5      | Reached skill level 1 in Stealth
  5402 | D:5      | Reached skill level 5 in Armour
  5795 | D:5      | You fall into a shaft and drop 2 floors!
  5809 | D:7      | Found a shimmering altar of Xom.
  5809 | D:7      | Noticed a two-headed ogre
  5809 | D:7      | Noticed a vampire mosquito
  5812 | D:6      | Noticed a wraith
  5823 | D:6      | Gained mutation: You have a small tail. [demonic ancestry]
  5823 | D:6      | Reached XP level 8. HP: 61/61 MP: 8/8
  5919 | D:6      | Reached * piety under Wu Jian
  5988 | D:6      | Reached skill level 6 in Armour
  6463 | D:6      | Noticed Eustachio
  6508 | D:6      | Killed Eustachio
  6509 | D:6      | Reached skill level 5 in Fighting
  6509 | D:6      | Gained mutation: You have a tail ending in a sharp stinger.
                  | [demonic ancestry]
  6509 | D:6      | Reached XP level 9. HP: 35/68 MP: 9/9
  6514 | D:6      | Reached skill level 5 in Shields
  6521 | D:6      | HP: 1/68 [ogre/+0 giant club (16)]
  6854 | D:6      | Found a runed translucent door.
  6854 | D:6      | Noticed zhov's ghost (novice FoHu)
  7187 | D:6      | Reached skill level 7 in Armour
  7447 | D:7      | Found an iron altar of Okawaru.
  7450 | D:7      | Found an opulent altar of Gozag.
  7450 | D:7      | Found a shimmering blue altar of Sif Muna.
  7466 | D:7      | Killed a two-headed ogre
  7647 | D:7      | Found a radiant altar of Vehumet.
  7664 | D:7      | Reached skill level 5 in Short Blades
  7695 | D:7      | Identified a scroll of acquirement
  7695 | D:7      | Acquired the ring "Iqoum" {rPois Will+ Dex+6}
  7916 | D:7      | Reached skill level 1 in Axes
  7932 | D:7      | Reached XP level 10. HP: 52/76 MP: 10/10
  8483 | D:7      | Reached ** piety under Wu Jian
  8569 | D:8      | Noticed an elephant
  8598 | D:8      | Reached skill level 8 in Armour
  8632 | D:8      | Killed an elephant
  8646 | D:8      | Found a staircase to the Lair.
  9784 | D:9      | Found a flagged portal.
  9845 | D:9      | Reached *** piety under Wu Jian
  9868 | Bailey   | Entered a bailey
 10029 | Bailey   | Noticed an orc warlord
 10152 | Bailey   | Found a runed translucent gate.
 10230 | Bailey   | Found a runed translucent gate.
 10231 | Bailey   | Found a runed translucent gate.
 10661 | Bailey   | Killed an orc warlord
 10662 | Bailey   | Reached skill level 5 in Axes
 10891 | Bailey   | Acquired the ring "Dyprih" {rN+ rCorr AC+4}
 11003 | D:9      | Gained mutation: A demonic guardian rushes to your aid.
                  | [demonic ancestry]
 11003 | D:9      | Reached XP level 11. HP: 71/83 MP: 11/11
 11259 | D:9      | Found a stormy altar of Qazlal.
 11493 | D:9      | Reached skill level 9 in Armour
 11553 | D:9      | Got the Guide on Wicked Arts and the Wayfarer
 11917 | D:9      | Noticed a two-headed ogre
 11935 | D:9      | Killed a two-headed ogre
 11970 | D:9      | Reached **** piety under Wu Jian
 12212 | D:10     | Entered Level 10 of the Dungeon
 12331 | D:10     | Noticed blackman's ghost (journeyman HuAr)
 12331 | D:10     | Noticed a green ugly thing
 12362 | D:10     | Found a transporter.
 12493 | D:10     | Found a transporter.
 12731 | D:10     | Noticed an eight-headed hydra
 12895 | D:10     | Slain by a 12-headed hydra

Illustrated notes

Levels and vault maps discovered:
D:1:      roderic_octagonal_star, layout_loops_ring,
          nicolae_ecumenical_lake_church
D:2:      layout_basic
D:3:      layout_basic, nicolae_uskayaw_dance_hall, corexii_leaking_fountain
D:4:      cheibrodos_old_hovel, layout_cave_pools, fedhas_altar_fruit_tree,
          temple_statues, kennysheep_small_spiral
D:5:      layout_basic, st_stairs_14, uniq_grinder
D:6:      layout_rooms, ebering_ghost_inner_flame, uniq_eustachio
D:7:      layout_loops_ring, xom_confusion_cloud, lemuel_tele_altar,
          gammafunk_temple_overflow_forgotten
D:8:      layout_basic, david_lair_generic
D:9:      layout_loops_ring, nicolae_overflow_hidden_temple, enter_bailey_5,
          minmay_orc_keep
D:10:     minmay_inner_zag, layout_stronghold, nzn_ghost_randoct,
          onia_ninara_dug_in_and_dangerous
Temple:   jpeg_temple_clearing

Skill      XL: |  1  2  3  4  5  6  7  8  9 10 11 |
---------------+----------------------------------+-----
Long Blades    | 2 3 |  3.0
Shields        | 3 4 6 7 |  7.9
Armour         | 3 4 5 6 7 8 9 |  9.1
Short Blades   | 1 2 3 4 5 |  5.1
Throwing       | 1 2 |  2.3
Dodging        | 1 2 3 4 |  4.0
Fighting       | 4 5 6 7 |  7.3
Stealth        | 1 |  1.7
Axes           | 1 5 6 |  6.8
Evocations     | |  0.8

Action                   |  1- 3 |  4- 6 |  7- 9 | 10-12 || total
-------------------------+-------+-------+-------+-------++-------
Melee: Long sword        |   148 |     7 |       |       ||   155
       Dagger            |       |   167 |   278 |       ||   445
       Tailslap          |       |       |    25 |    60 ||    85
       War axe           |       |       |    44 |   299 ||   343
Throw: Javelin           |       |     6 |       |     4 ||    10
       Dart              |       |     4 |     3 |       ||     7
       Boomerang         |       |       |       |     2 ||     2
Invok: Lunge             |       |     5 |    16 |    27 ||    48
       Whirlwind         |       |       |     9 |    15 ||    24
Evoke: Wand              |       |       |     1 |     6 ||     7
  Use: Scroll            |       |       |    16 |     6 ||    22
       Potion            |       |       |     2 |     4 ||     6
 Stab: Invisible         |       |       |       |     5 ||     5
Armor: Chain mail        |    84 |    97 |    11 |       ||   192
       Scale mail        |     1 |       |       |       ||     1
       Plate armour      |       |       |   169 |   158 ||   327
Dodge: Dodged            |    64 |    46 |    93 |    76 ||   279
Block: Buckler           |    38 |    35 |    47 |       ||   120
       Kite shield       |       |       |   120 |   186 ||   306

Table legend: (Time is in decaauts)
 A = Elapsed time spent in this place.
 B = Non-inter-level travel time spent in this place.
 C = Inter-level travel time spent in this place.
 D = Time resting spent in this place.
 E = Time spent auto-exploring this place.
 F = Levels seen in this place.
 G = Mean time per level.
                   A        B        C        D        E       F      G
               +--------+--------+--------+--------+--------+-----+--------+
         Total |  13037 |  12576 |    461 |    411 |   8707 |  12 | 1086.4 |
       Dungeon |  11890 |  11452 |    438 |    254 |   8075 |  10 | 1189.0 |
        Temple |    102 |     79 |     23 |      0 |     53 |   1 |  102.0 |
        Bailey |   1044 |   1044 |      0 |    157 |    578 |   1 | 1044.0 |
               +--------+--------+--------+--------+--------+-----+--------+

Top non-repeatable levels by time:
     D:3: 1692 daAuts
     D:9: 1470 daAuts
     D:7: 1386 daAuts
     D:6: 1334 daAuts
     D:8: 1303 daAuts
     D:5: 1046 daAuts
  Bailey: 1044 daAuts
     D:4: 1021 daAuts
     D:2: 998 daAuts
     D:1: 968 daAuts
    D:10: 669 daAuts
  Temple: 102 daAuts
